 Dungeon Crawl Stone Soup version 0.20-a0-1122-gb7cbeb9 (webtiles) character file.

40 Penishole the Shooter (level 3, 0/29 HPs)
             Began as a Centaur Hunter on May 11, 2017.
             Slain by Sigmund
             ... wielding a +0 scythe
              (5 damage)
             ... on level 2 of the Dungeon.
             The game lasted 00:05:01 (1222 turns).

Penishole the Shooter (Centaur Hunter)              Turns: 1222, Time: 00:05:01

Health: 0/29       AC:  8    Str: 16    XL:     3   Next: 30%
Magic:  3/3        EV:  4    Int: 10    God:
Gold:   78         SH:  0    Dex:  8    Spells: 2/2 levels left

rFire    . . .     SeeInvis .   b - +0 short sword
rCold    . . .     Gourm    .   (no shield)
rNeg     . . .     Faith    .   j - +0 chain mail
rPois    .         Spirit   .   (no helmet)
rElec    .         Reflect  .   (no cloak)
rCorr    .         Harm     .   h - +0 pair of gloves (curse)
MR       .....                  (no barding)
Stlth    ..........             (no amulet)
Regen    0.1/turn               (no ring)
MPRegen  0.1/turn               (no ring)

@: very quick
A: hooves 3, clumsy 1, deformed body, speed 2, screaming 1, strong 1, tough skin
3
a: no special abilities


You were on level 2 of the Dungeon.
You were not hungry.

You visited 1 branch of the dungeon, and saw 2 of its levels.

You collected 78 gold pieces.

Inventory:

Hand Weapons
 a - a +1 shortbow
 b - a +0 short sword (weapon)
Armour
 h - a cursed +0 pair of gloves (worn)
 j - a +0 chain mail (worn)
Scrolls
 e - a scroll of identify {unknown}
 i - a scroll of recharging {unknown}
 k - a scroll of amnesia {unknown}
Comestibles
 c - 7 chunks of flesh
 f - a bread ration


   Skills:
 - Level 2.0 Fighting
 + Level 6.8 Bows
 - Level 1.3 Dodging
 - Level 0.4 Stealth


You had 2 spell levels left.
You didn't know any spells.

Dungeon Overview and Level Annotations

Branches:
Dungeon (2/15)

Altars:

Annotations:
D:2 Sigmund


Innate Abilities, Weirdness & Mutations

You have hooves in place of feet.
Armour fits poorly on your strangely shaped body.
You cover ground very quickly.
You have extremely tough skin. (AC +3)
You are clumsy. (Dex -2)
You occasionally shout uncontrollably at your foes.
Your muscles are strong. (Str +2)


Message History

You hear some strange, mumbled words.
Something tries to affect you, but you resist.
Firing (i - inventory):
d - an arrow (quivered)
Press: ? - help, Shift-Dir - straight line You shoot an arrow.
The goblin barely misses you. Something hits you but does no damage.
Firing (i - inventory): No suitable missiles.
Press: ? - help, Shift-Dir - straight line, f - goblin
Aim: a goblin, wielding a club
Okay, then.
Firing (i - inventory): No suitable missiles.
Press: ? - help, Shift-Dir - straight line, p - goblin
Okay, then.
Firing (i - inventory): No suitable missiles.
Press: ? - help, Shift-Dir - straight line
Okay, then.
b - a +0 short sword (weapon)
The goblin hits you but does no damage.
You barely miss something. Something hits you.
You die...

#############
#(((g.... ..# #g# #.#
#.# #####.####### #.#
#...........# #(#
#.###.#####.#
###.#####.# #.# #.#
#####(.[..{@..###.#
#.#
#.........g.......#
#.#
....###.#.####.######
#.# .## #.#.# #># #.#
#. ##.#.# #.# #.##
#.#....## #.# #..#
#......###.# ##รท#
#.#.......... #.#
#.###.##.##... #.#


You could see a goblin.

Vanquished Creatures
  A gnoll (D:1)
  A dart slug (D:1)
  2 leopard geckos (D:1)
  4 bats
  A giant cockroach (D:1)
  A goblin (D:1)
  A hobgoblin (D:1)
  6 jackals
  2 frilled lizards
  4 kobolds (D:1)
  2 rats (D:1)
25 creatures vanquished.

Notes
Turn   | Place    | Note
-------+----------+-------------------------------------------
     0 | D:1      | Penishole the Centaur Hunter began the quest for the Orb.
     0 | D:1      | Reached XP level 1. HP: 17/17 MP: 1/1
   147 | D:1      | Reached skill level 6 in Bows
   147 | D:1      | Reached XP level 2. HP: 12/24 MP: 2/2
   828 | D:1      | Reached XP level 3. HP: 27/29 MP: 3/3
  1181 | D:2      | Noticed Sigmund
  1216 | D:2      | Gained mutation: You occasionally shout uncontrollably at your foes. [potion of mutation]
  1216 | D:2      | Gained mutation: You are clumsy. (Dex -2) [potion of mutation]
  1216 | D:2      | Gained mutation: Your muscles are strong. (Str +2) [potion of mutation]
  1222 | D:2      | Slain by Sigmund

Vault maps used:
D:1:      minmay_arrival_wavy_path, minmay_misc_feat_room, serial_park_tiny_1
D:2:      gammafunk_temple_overflow_pools, minmay_misc_feat_x, uniq_robin,
          uniq_terence, uniq_sigmund, uniq_crazy_yiuf_cottage

Skill      XL: |  1 |
---------------+----+-----
Bows           | 6 |  6.8
Fighting       | |  2.0
Dodging        | |  1.3
Stealth        | |  0.4

Action                   || total
-------------------------++-------
Melee: Short sword       ||    92
       Kick              ||    21
 Fire: Shortbow          ||    23
  Use: Potion            ||     1
Armor: Ring mail         ||    23
       Chain mail        ||    52
Dodge: Dodged            ||    37
